| TOP OF THE 1ST |
|
Oklahoma State University Cowboys batting - Pitching for University of California Golden Bears : RHP Matt Jones
|
|
Pitching: RHP Matt Jones
|
|
|
Batting: SHB Tyler Maddux
|
0-0: Ball 1-0: Ball 2-0: Fly out, F8 (Flyball, 89M, EV 81.9 MPH)
|
|
Batting: RHB Larry Clark
|
0-0: Ball 1-0: Swinging Strike 1-1: Ball 2-1: Ball 3-1: Swinging Strike 3-2: Foul Ball, location: 2F 3-2: Base on Balls
|
|
Batting: RHB Kinzo Yokoyama
|
0-0: Swinging Strike 0-1: Ball 1-1: Ball 2-1: Ball 3-1: Base on Balls Larry Clark to second
|
|
Batting: LHB John Fortin
|
0-0: Called Strike 0-1: Ball 1-1: Called Strike 1-2: Strikes out swinging
|
|
Batting: SHB Chris Wagler
|
0-0: Fly out, F7 (Flyball, 78S, EV 96.9 MPH)
|
| Top of the 1st over - 0 runs, 0 hits, 0 errors, 2 left on base; Oklahoma State University 0 - University of California 0 |
| BOTTOM OF THE 1ST |
|
University of California Golden Bears batting - Pitching for Oklahoma State University Cowboys : RHP Justin Holdeman
|
|
Pitching: RHP Justin Holdeman
|
|
|
Batting: RHB Timoleon Tsikouna
|
0-0: Ball 1-0: Foul Ball, location: 2F 1-1: Ball 2-1: Ball 3-1: Foul Ball, location: 2F 3-2: Strikes out looking
|
|
Batting: RHB Ryan Roberts
|
0-0: Called Strike 0-1: Ball 1-1: Fly out, F6 (Popup, 6S, EV 79.4 MPH)
|
|
Batting: RHB Tony Harper
|
0-0: Ball 1-0: Fly out, F8 (Flyball, 89D, EV 88.8 MPH)
|
| Bottom of the 1st over - 0 runs, 0 hits, 0 errors, 0 left on base; Oklahoma State University 0 - University of California 0 |
| TOP OF THE 2ND |
|
Oklahoma State University Cowboys batting - Pitching for University of California Golden Bears : RHP Matt Jones
|
|
Batting: RHB Robbie Gomez
|
0-0: Ball 1-0: Ball 2-0: Ground out 6-3 (Groundball, 6, EV 87.5 MPH)
|
|
Batting: RHB Francisco Cabrera
|
0-0: Swinging Strike 0-1: Swinging Strike 0-2: Ball 1-2: Strikes out swinging
|
|
Batting: RHB Steve Hutchins
|
0-0: Swinging Strike 0-1: Ball 1-1: Swinging Strike 1-2: Strikes out looking
|
| Top of the 2nd over - 0 runs, 0 hits, 0 errors, 0 left on base; Oklahoma State University 0 - University of California 0 |
| BOTTOM OF THE 2ND |
|
University of California Golden Bears batting - Pitching for Oklahoma State University Cowboys : RHP Justin Holdeman
|
|
Batting: RHB Tommy Hunter
|
0-0: Ball 1-0: Ball 2-0: Ball 3-0: Called Strike 3-1: Foul Ball, location: 2F 3-2: Strikes out looking
|
|
Batting: RHB Dan Myers
|
0-0: Ball 1-0: Ball 2-0: Ground out 6-3 (Groundball, 56, EV 84.4 MPH)
|
|
Batting: LHB Dean Luttman
|
0-0: Ball 1-0: Ground out 6-3 (Groundball, 6M, EV 80.0 MPH)
|
| Bottom of the 2nd over - 0 runs, 0 hits, 0 errors, 0 left on base; Oklahoma State University 0 - University of California 0 |
| TOP OF THE 3RD |
|
Oklahoma State University Cowboys batting - Pitching for University of California Golden Bears : RHP Matt Jones
|
|
Batting: RHB Mario Arriero
|
0-0: Ball 1-0: Called Strike 1-1: Ball 2-1: SINGLE (Groundball, 34S, EV 61.9 MPH) (infield hit)
|
|
Batting: SHB Tyler Maddux
|
0-0: Foul Ball, location: 2F 0-1: Foul Ball, location: 2F 0-2: Foul Ball, location: 2F 0-2: Ball 1-2: Foul Ball, location: 2F 1-2: Ball 2-2: Foul Ball, location: 2F 2-2: Foul Ball, location: 2F 2-2: Fielders Choice at 2nd, 4-6 (Groundball, 4S, EV 86.3 MPH)
|
|
Batting: RHB Larry Clark
|
0-0: Foul Ball, location: 2F 0-1: Foul Ball, location: 2F 0-2: Hit by Pitch Tyler Maddux to second
|
|
Batting: RHB Kinzo Yokoyama
|
0-0: Ball 1-0: Ball 2-0: Ball 3-0: Grounds into double play, 5-4-3 (Groundball, 5, EV 83.8 MPH)
|
| Top of the 3rd over - 0 runs, 1 hit, 0 errors, 1 left on base; Oklahoma State University 0 - University of California 0 |
| BOTTOM OF THE 3RD |
|
University of California Golden Bears batting - Pitching for Oklahoma State University Cowboys : RHP Justin Holdeman
|
|
Batting: RHB Gojko Golob
|
0-0: Ball 1-0: Ball 2-0: DOUBLE (Line Drive, 7LS, EV 96.3 MPH)
|
|
Batting: SHB Javon Mitchell
|
0-0: Ball 1-0: Foul Ball, location: 2F 1-1: Called Strike 1-2: Strikes out swinging
|
|
Batting: LHB Dean Bloemendal
|
0-0: Called Strike 0-1: Called Strike 0-2: Ball 1-2: Fly out, F9 (Flyball, 9LS, EV 94.4 MPH)
|
|
Batting: RHB Timoleon Tsikouna
|
0-0: Called Strike 0-1: Swinging Strike 0-2: Ball 1-2: Ball 2-2: Ball 3-2: Fly out, F8 (Flyball, 8RM, EV 86.3 MPH)
|
| Bottom of the 3rd over - 0 runs, 1 hit, 0 errors, 1 left on base; Oklahoma State University 0 - University of California 0 |
| TOP OF THE 4TH |
|
Oklahoma State University Cowboys batting - Pitching for University of California Golden Bears : RHP Matt Jones
|
|
Batting: LHB John Fortin
|
0-0: Ball 1-0: Foul Ball, location: 2F 1-1: Ball 2-1: Foul Ball, location: 2F 2-2: Foul Ball, location: 2F 2-2: Ball 3-2: Strikes out swinging
|
|
Batting: SHB Chris Wagler
|
0-0: Foul Ball, location: 2F 0-1: Foul Ball, location: 2F 0-2: Foul Ball, location: 2F 0-2: Ball 1-2: Ball 2-2: Ball 3-2: Base on Balls
|
|
Batting: RHB Robbie Gomez
|
0-0: Fly out, F3 (Popup, 3SF, EV 70.0 MPH)
|
|
Batting: RHB Francisco Cabrera
|
0-0: Swinging Strike 0-1: Called Strike 0-2: Foul Ball, location: 2F 0-2: Strikes out swinging
|
| Top of the 4th over - 0 runs, 0 hits, 0 errors, 1 left on base; Oklahoma State University 0 - University of California 0 |
| BOTTOM OF THE 4TH |
|
University of California Golden Bears batting - Pitching for Oklahoma State University Cowboys : RHP Justin Holdeman
|
|
Batting: RHB Ryan Roberts
|
0-0: Foul Ball, location: 2F 0-1: Foul Ball, location: 2F 0-2: SINGLE (Groundball, 34D, EV 97.5 MPH)
|
|
Batting: RHB Tony Harper
|
0-0: Ball 1-0: Ground out 6-3 (Groundball, 6, EV 102.5 MPH) Ryan Roberts to second
|
|
Batting: RHB Tommy Hunter
|
0-0: Ball Wild Pitch! Ryan Roberts to third 1-0: Foul Ball, location: 2F 1-1: Called Strike 1-2: Ground out 6-3 (Groundball, 6, EV 81.9 MPH) Ryan Roberts scores
|
|
Batting: RHB Dan Myers
|
0-0: Ball 1-0: Ball 2-0: Ball 3-0: Ground out 6-3 (Groundball, 56, EV 81.9 MPH)
|
| Bottom of the 4th over - 1 run, 1 hit, 0 errors, 0 left on base; Oklahoma State University 0 - University of California 1 |
| TOP OF THE 5TH |
|
Oklahoma State University Cowboys batting - Pitching for University of California Golden Bears : RHP Matt Jones
|
|
Pitching: RHP Jordan Viveros
|
|
|
Batting: RHB Steve Hutchins
|
0-0: Ball 1-0: Ball 2-0: Ball 3-0: Called Strike 3-1: Base on Balls
|
|
Batting: RHB Mario Arriero
|
0-0: Swinging Strike 0-1: Ball 1-1: Bunted foul 1-2: Strikes out swinging
|
|
Batting: SHB Tyler Maddux
|
0-0: Fly out, F9 (Line Drive, 9, EV 91.3 MPH)
|
|
Batting: RHB Larry Clark
|
0-0: Called Strike 0-1: Foul Ball, location: 2F 0-2: Ball 1-2: Strikes out swinging
|
| Top of the 5th over - 0 runs, 0 hits, 0 errors, 1 left on base; Oklahoma State University 0 - University of California 1 |
| BOTTOM OF THE 5TH |
|
University of California Golden Bears batting - Pitching for Oklahoma State University Cowboys : RHP Justin Holdeman
|
|
Pitching: RHP Randy Nelligan
|
|
|
Batting: LHB Dean Luttman
|
0-0: Ball 1-0: Called Strike 1-1: Foul Ball, location: 2F 1-2: Ball 2-2: Fly out, F7 (Line Drive, 7, EV 93.8 MPH)
|
|
Batting: RHB Gojko Golob
|
0-0: Swinging Strike 0-1: Ball 1-1: Ball 2-1: Ball 3-1: Ground out 1-3 (Groundball, P, EV 61.3 MPH)
|
|
Batting: SHB Javon Mitchell
|
0-0: Ball 1-0: Fly out, F6 (Flyball, 6D, EV 93.1 MPH)
|
| Bottom of the 5th over - 0 runs, 0 hits, 0 errors, 0 left on base; Oklahoma State University 0 - University of California 1 |
| TOP OF THE 6TH |
|
Oklahoma State University Cowboys batting - Pitching for University of California Golden Bears : RHP Jordan Viveros
|
|
Batting: RHB Kinzo Yokoyama
|
0-0: Ball 1-0: Ball 2-0: Foul Ball, location: 2F 2-1: Ball 3-1: Foul Ball, location: 2F 3-2: Base on Balls
|
|
Batting: LHB John Fortin
|
0-0: Called Strike 0-1: Ball 1-1: Swinging Strike 1-2: Ball 2-2: Foul Ball, location: 2F 2-2: Ball 3-2: Hit by Pitch Kinzo Yokoyama to second
|
|
Pitching: LHP Jayden Carey
|
|
|
Batting: SHB Chris Wagler
|
0-0: Called Strike 0-1: Foul Ball, location: 2F 0-2: Foul Ball, location: 2F 0-2: Ball 1-2: Strikes out looking
|
|
Batting: RHB Robbie Gomez
|
0-0: Ball 1-0: Called Strike 1-1: Ball 2-1: Ball 3-1: Base on Balls Kinzo Yokoyama to third John Fortin to second
|
|
Batting: RHB Francisco Cabrera
|
0-0: Foul Ball, location: 2F 0-1: Called Strike 0-2: Foul Ball, location: 2F 0-2: Strikes out swinging
|
|
Batting: RHB Steve Hutchins
|
0-0: Fielders Choice at 2nd, 6-4 (Groundball, 56, EV 90.6 MPH)
|
| Top of the 6th over - 0 runs, 0 hits, 0 errors, 3 left on base; Oklahoma State University 0 - University of California 1 |
| BOTTOM OF THE 6TH |
|
University of California Golden Bears batting - Pitching for Oklahoma State University Cowboys : RHP Randy Nelligan
|
|
Batting: LHB Dean Bloemendal
|
0-0: Ball 1-0: Foul Ball, location: 2F 1-1: Ball 2-1: Called Strike 2-2: Foul Ball, location: 2F 2-2: Strikes out looking
|
|
Batting: RHB Timoleon Tsikouna
|
0-0: Ball 1-0: Swinging Strike 1-1: Foul Ball, location: 2F 1-2: Ball 2-2: Strikes out looking
|
|
Batting: RHB Ryan Roberts
|
0-0: Ball 1-0: SOLO HOME RUN (Line Drive, 9D, EV 98.1 MPH), Distance : 369 ft
|
|
Batting: RHB Tony Harper
|
0-0: Ball 1-0: Ball 2-0: DOUBLE (Flyball, 89D, EV 106.3 MPH)
|
|
Batting: RHB Tommy Hunter
|
0-0: Swinging Strike 0-1: DOUBLE (Line Drive, 7LS, EV 96.9 MPH) Tony Harper scores
|
|
Pitching: RHP Rob Green
|
|
|
Batting: RHB Dan Myers
|
0-0: Foul Ball, location: 2F 0-1: Ground out 5-3 (Groundball, 5, EV 85.6 MPH)
|
| Bottom of the 6th over - 2 runs, 3 hits, 0 errors, 1 left on base; Oklahoma State University 0 - University of California 3 |
| TOP OF THE 7TH |
|
Oklahoma State University Cowboys batting - Pitching for University of California Golden Bears : LHP Jayden Carey
|
|
Batting: RHB Mario Arriero
|
0-0: Ball 1-0: Ball 2-0: Called Strike 2-1: Called Strike 2-2: Ball 3-2: Base on Balls
|
|
Batting: SHB Tyler Maddux
|
0-0: Ball 1-0: Ball 2-0: SINGLE (Line Drive, 8LS, EV 100.6 MPH) Mario Arriero to second
|
|
Pinch Hitting: RHB Josh Patterson
|
0-0: Fielders Choice at 2nd, 6-4 (Groundball, 6MD, EV 101.3 MPH) Mario Arriero to third
|
|
Pinch Hitting: RHB Tony Cabrera
|
0-0: Ball 1-0: Fielders Choice at 2nd, 6-4 (Groundball, 6, EV 83.1 MPH) Mario Arriero scores
|
|
Batting: RHB Josh Hopp
|
0-0: Fielders Choice at 2nd, 6-4 (Groundball, 6, EV 93.8 MPH)
|
| Top of the 7th over - 1 run, 1 hit, 0 errors, 1 left on base; Oklahoma State University 1 - University of California 3 |
| BOTTOM OF THE 7TH |
|
University of California Golden Bears batting - Pitching for Oklahoma State University Cowboys : RHP Rob Green
|
|
Now at SS: Josh Patterson
|
|
|
Now in RF: Tony Cabrera
|
|
|
Batting: LHB Dean Luttman
|
0-0: Swinging Strike 0-1: SOLO HOME RUN (Flyball, 9D, EV 98.1 MPH), Distance : 379 ft
|
|
Batting: RHB Gojko Golob
|
0-0: Ground out 3-1 (Groundball, 34, EV 105.0 MPH)
|
|
Batting: SHB Javon Mitchell
|
0-0: Swinging Strike 0-1: Foul Ball, location: 2F 0-2: DOUBLE (Line Drive, 89D, EV 109.4 MPH)
|
|
Batting: LHB Dean Bloemendal
|
0-0: Ball 1-0: Foul Ball, location: 2F 1-1: Foul Ball, location: 2F 1-2: Ball 2-2: SINGLE (Flyball, 4D, EV 85.6 MPH) Javon Mitchell to third
|
|
Pinch Hitting: LHB Yomas Rodriguez
|
0-0: Ball 1-0: Ball 2-0: Called Strike 2-1: Foul Ball, location: 2F 2-2: Foul Ball, location: 2F 2-2: Foul Ball, location: 2F 2-2: Strikes out swinging
|
|
Batting: RHB Devon Dill
|
0-0: Foul Ball, location: 2F 0-1: Ball Passed Ball! Javon Mitchell scores Dean Bloemendal to second 1-1: Ball 2-1: Ground out 5-3 (Groundball, 56S, EV 84.4 MPH)
|
| Bottom of the 7th over - 2 runs, 3 hits, 0 errors, 1 left on base; Oklahoma State University 1 - University of California 5 |
| TOP OF THE 8TH |
|
Oklahoma State University Cowboys batting - Pitching for University of California Golden Bears : LHP Jayden Carey
|
|
Pitching: LHP Ben Hutchison
|
|
|
Now at 2B: Yomas Rodriguez
|
|
|
Now at SS: Javon Mitchell
|
|
|
Batting: SHB Chris Wagler
|
0-0: Fly out, F7 (Line Drive, 7S, EV 94.4 MPH)
|
|
Pinch Hitting: RHB Ed Santibanez
|
0-0: Ball 1-0: Fly out, F6 (Flyball, 56D, EV 86.3 MPH)
|
|
Batting: RHB Francisco Cabrera
|
0-0: Ball 1-0: Called Strike 1-1: Ball 2-1: Ball 3-1: Base on Balls
|
|
Batting: RHB Steve Hutchins
|
0-0: Called Strike 0-1: Foul Ball, location: 2F 0-2: Strikes out swinging
|
| Top of the 8th over - 0 runs, 0 hits, 0 errors, 1 left on base; Oklahoma State University 1 - University of California 5 |
| BOTTOM OF THE 8TH |
|
University of California Golden Bears batting - Pitching for Oklahoma State University Cowboys : RHP Rob Green
|
|
Now in LF: Ed Santibanez
|
|
|
Batting: RHB Tony Harper
|
0-0: Swinging Strike 0-1: Ball 1-1: Called Strike 1-2: Ball 2-2: SINGLE (Groundball, 56D, EV 110.6 MPH)
|
|
Batting: RHB Tommy Hunter
|
0-0: Ball 1-0: Called Strike 1-1: Ball 2-1: Foul Ball, location: 2F 2-2: Foul Ball, location: 2F 2-2: Ball 3-2: Strikes out swinging
|
|
Pinch Hitting: RHB Tyler Arrington
|
0-0: Ball 1-0: 2-RUN HOME RUN (Flyball, 89XD, EV 113.8 MPH), Distance : 434 ft
|
|
Pitching: LHP Ivan Osornio
|
|
|
Batting: LHB Dean Luttman
|
0-0: Foul Ball, location: 2F 0-1: Ball 1-1: Fly out, F4 (Flyball, 4MD, EV 81.9 MPH)
|
|
Batting: RHB Gojko Golob
|
0-0: Called Strike 0-1: Ball 1-1: Foul Ball, location: 2F 1-2: Ball 2-2: DOUBLE (Flyball, 89D, EV 103.8 MPH)
|
|
Batting: SHB Javon Mitchell
|
0-0: Called Strike 0-1: Ball 1-1: Ball 2-1: Foul Ball, location: 2F 2-2: Ball 3-2: SINGLE (Groundball, 34D, EV 84.4 MPH) (infield hit) Gojko Golob to third
|
|
Batting: LHB Dean Bloemendal
|
0-0: Foul Ball, location: 2F 0-1: SINGLE (Line Drive, 9LM, EV 111.3 MPH) Gojko Golob scores Javon Mitchell to second Runner from 2nd tries for 3rd, SAFE, no throw by RF
|
|
Batting: LHB Yomas Rodriguez
|
0-0: Called Strike Balk! Javon Mitchell scores Dean Bloemendal to second 0-1: Swinging Strike 0-2: Ball 1-2: Ground out U3 (Groundball, 3S, EV 81.3 MPH)
|
| Bottom of the 8th over - 4 runs, 5 hits, 0 errors, 1 left on base; Oklahoma State University 1 - University of California 9 |
| TOP OF THE 9TH |
|
Oklahoma State University Cowboys batting - Pitching for University of California Golden Bears : LHP Ben Hutchison
|
|
Now in CF: Tyler Arrington
|
|
|
Pinch Hitting: LHB Orlando Rivera
|
0-0: Ball 1-0: Swinging Strike 1-1: Ball 2-1: Swinging Strike 2-2: Ball 3-2: Foul Ball, location: 2F 3-2: Strikes out looking
|
|
Pinch Hitting: RHB Wiliama Dana
|
0-0: Called Strike 0-1: SINGLE (Line Drive, 89S, EV 105.0 MPH)
|
|
Batting: RHB Josh Patterson
|
0-0: Called Strike 0-1: Foul Ball, location: 2F 0-2: DOUBLE (Flyball, 89D, EV 106.9 MPH) Wiliama Dana to third
|
|
Batting: RHB Tony Cabrera
|
0-0: Called Strike 0-1: Ground out 6-3 (Groundball, 6, EV 89.4 MPH) Wiliama Dana scores
|
|
Batting: RHB Josh Hopp
|
0-0: Ball 1-0: Called Strike 1-1: Fly out, F9 (Flyball, 89D, EV 99.4 MPH)
|
| Top of the 9th over - 1 run, 2 hits, 0 errors, 1 left on base; Oklahoma State University 2 - University of California 9 |
|